 Dungeon Crawl Stone Soup version 0.31-a0-105-gc0b45f0da6 (webtiles) character file.

Game seed: 13565145538359850648

1469 Kenran the Carver (level 8, 0/74 HPs)
             Began as a Minotaur Monk on May 27, 2023.
             Engulfed by a steam dragon's steam (7 damage)
             ... on level 6 of the Dungeon.
             The game lasted 00:07:35 (4229 turns).

Kenran the Carver (Minotaur Monk)                   Turns: 4229, Time: 00:07:36

Health: 0/74       AC:  9    Str: 18    XL:     8   Next: 49%
Magic:  7/7        EV: 11    Int:  7    God:
Gold:   307        SH:  0    Dex: 19    Spells: 7/7 levels left

rFire   . . .        a - +0 falchion
rCold   . . .        d - orb {light}
rNeg    . . .        B - +2 scale mail of Kaeleuso {Str+2 Dex+4}
rPois   .            (helmet restricted)
rElec   .            (no cloak)
rCorr   .            (no gloves)
SInv    .            (no boots)
Will    .....        q - amulet of regeneration Stlth
                     (no ring)
HPRegen 1.12/turn    (no ring)
MPRegen 0.10/turn

%: no passive effects
@: glowing
A: horns 2, retaliatory headbutt
a: no special abilities


You were on level 6 of the Dungeon.
You visited 1 branch of the dungeon, and saw 6 of its levels.

You collected 307 gold pieces.

Inventory:

Hand Weapons
 a - a +0 falchion (weapon)
Missiles
 r - a throwing net (quivered)
Armour
 d - an orb of light (worn)
 m - a +0 kite shield
 p - a +0 tower shield
 B - the +2 scale mail of Kaeleuso (worn) {Str+2 Dex+4}
   (You took it off an orc on level 4 of the Dungeon)

   Str:       It affects your strength (+2).
   Dex:       It affects your dexterity (+4).
Jewellery
 o - a ring of resist corrosion
 q - an amulet of regeneration (around neck)
Wands
 l - a wand of flame (16)
 x - a wand of polymorph (7)
 A - a wand of mindburst (17)
 C - a wand of quicksilver (7)
 F - a wand of iceblast (8)
Scrolls
 e - a scroll of magic mapping {unknown}
 f - a scroll of butterflies {unknown}
 g - a scroll of fog {unknown}
 k - a scroll of amnesia {unknown}
 n - 3 scrolls of teleportation
 t - 2 scrolls of blinking
 u - 2 scrolls of noise {unknown}
 v - 2 scrolls of enchant weapon {unknown}
 y - 3 scrolls of identify {unknown}
 z - 2 scrolls of brand weapon {unknown}
Potions
 b - 2 potions of attraction {unknown}
 c - a potion of ambrosia
 h - a potion of invisibility {unknown}
 i - 2 potions of mutation {unknown}
 j - 3 potions of curing {@q1}
 s - 2 potions of enlightenment {unknown}
 w - 2 potions of magic {unknown}
 D - a potion of heal wounds {unknown}
 E - 2 potions of resistance {unknown}
 G - a potion of degeneration {unknown}


   Skills:
 - Level 8.0 Fighting
 - Level 10.0 Long Blades
 + Level 4.7 Armour
 - Level 3.2 Dodging


You had 7 spell levels left.
You didn't know any spells.
Your spell library contained the following spells:

 Spells                   Type           Power      Damage    Failure   Level
 Magic Dart               Conj           0%         1d3       80%         1
 Gell's Gravitas          Tloc           0%         N/A       99%         3
 Teleport Other           Tloc           0%         N/A       99%         3
 Cause Fear               Hex            0%         N/A       100%        4
 Dispersal                Tloc           0%         N/A       100%        6
 Dragon Form              Tmut           0%         N/A       100%        7
 Dragon's Call            Summ           0%         N/A       100%        9


Dungeon Overview and Level Annotations

Branches:
Dungeon (6/15)
 Temple: D:4-7

Altars:
Dithmenos

Annotations:
D:4 1 runed translucent door, Crazy Yiuf


Innate Abilities, Weirdness & Mutations

You have a pair of horns on your head.
You reflexively headbutt those who attack you in melee.


Message History

* * * LOW HITPOINT WARNING * * *
The steam dragon closely misses you.
Your Armour skill gained 2 levels and is now at level 4!
The black bear attacks as you move away!
The black bear bites you but does no damage.
The black bear barely misses you. The black bear claws you.
* * * LOW HITPOINT WARNING * * *
The steam dragon attacks as you move away!
The steam dragon bites you but does no damage.
The steam dragon claws you but does no damage.
You slash the steam dragon!
The steam dragon is severely wounded.
You are engulfed in a cloud of scalding steam.
* * * LOW HITPOINT WARNING * * *
The black bear is engulfed in a cloud of scalding steam.
The black bear barely misses you.
The black bear claws you but does no damage.
The black bear claws you.
* * * LOW HITPOINT WARNING * * *
The steam dragon breathes steam at you. The ball of steam hits you!
* * * LOW HITPOINT WARNING * * *
You feel better.
You are engulfed in a cloud of scalding steam.
The black bear is engulfed in a cloud of scalding steam.
The black bear barely misses you. You furiously retaliate!
You headbutt the black bear.
The black bear claws you but does no damage.
The black bear barely misses you.
The steam dragon bites you but does no damage.
The steam dragon claws you but does no damage.
You hit the black bear.
You kill the black bear!
The steam dragon breathes steam at you. The ball of steam hits you!
* * * LOW HITPOINT WARNING * * *
You hit the steam dragon.
The steam dragon is almost dead.
You are engulfed in a cloud of scalding steam.
You die...

....###..............
░░###...................
░..............####...≣≣
░....###.##..###....≣≣≣
░.<..###.(#§§§.....≣≣
.░░.........§§#.§...≣≣
.......###.§.)«.##..≣
#......##.§..##....#≣
.........@........##
.#......D...#.##....
...#.######.#.#.....≣ #
# #.#....#..≣ ..#....
.#≣ ### .##


You could see a steam dragon (catching breath).

Vanquished Creatures
  Grinder (D:3)
  Prince Ribbit (D:6)
  Edmund (D:4)
  A black bear (D:6)
  An ogre (D:3)
  A phantom (D:4)
  A centaur (D:5)
  4 hounds (D:5)
  3 orc priests
  A jelly (D:5)
  5 iguanas
  4 orc wizards (D:4)
  Robin (D:3)
  8 gnolls
  3 adders
  2 worms
  4 dart slugs
  10 orcs
  7 endoplasms
  2 giant cockroaches
  13 goblins
  8 hobgoblins
  9 kobolds
  4 quokkas
  8 ball pythons
  2 bats
  5 frilled lizards
  8 rats
118 creatures vanquished.

Notes
Turn   | Place    | Note
-------+----------+-------------------------------------------
     0 | D:1      | Kenran the Minotaur Monk began the quest for the Orb.
     0 | D:1      | Reached XP level 1. HP: 19/19 MP: 0/0
    87 | D:1      | Reached skill level 4 in Long Blades
   205 | D:1      | Reached XP level 2. HP: 26/26 MP: 1/1
   321 | D:1      | Found a faded altar of an unknown god.
   346 | D:1      | Got Plato's Precepts of Trauma
   464 | D:1      | Reached skill level 5 in Long Blades
   623 | D:1      | Reached XP level 3. HP: 31/31 MP: 2/2
  1516 | D:3      | Reached skill level 6 in Long Blades
  1516 | D:3      | Reached XP level 4. HP: 37/39 MP: 3/3
  1682 | D:3      | Noticed an ogre
  1721 | D:3      | Killed an ogre
  1722 | D:3      | Reached skill level 7 in Long Blades
  1722 | D:3      | Reached XP level 5. HP: 18/45 MP: 4/4
  1986 | D:3      | Reached skill level 8 in Long Blades
  2037 | D:3      | Noticed Grinder
  2047 | D:3      | Paralysed by Grinder for 4 turns
  2162 | D:3      | Reached XP level 6. HP: 47/51 MP: 5/5
  2459 | D:3      | Noticed Robin
  2469 | D:3      | Killed Robin
  2520 | D:3      | Killed Grinder
  2521 | D:3      | Reached skill level 9 in Long Blades
  2788 | D:4      | Reached XP level 7. HP: 48/57 MP: 6/6
  2807 | D:4      | Reached skill level 10 in Long Blades
  2810 | D:4      | Identified the +2 scale mail of Kaeleuso {Str+2 Dex+4}
  3111 | D:4      | Noticed Edmund
  3121 | D:4      | Killed Edmund
  3122 | D:4      | Reached skill level 5 in Fighting
  3409 | D:4      | Found a runed translucent door.
  3410 | D:4      | Noticed Crazy Yiuf
  3509 | D:5      | Entered Level 5 of the Dungeon
  3593 | D:5      | Reached XP level 8. HP: 73/73 MP: 7/7
  3789 | D:5      | Found a shadowy altar of Dithmenos.
  3929 | D:5      | Reached skill level 1 in Armour
  4213 | D:6      | Noticed Prince Ribbit
  4224 | D:6      | Killed Prince Ribbit
  4229 | D:6      | Engulfed by a steam dragon's steam

Illustrated notes

Levels and vault maps discovered:
D:1:      spicycebolla_green_bress_n_ham_2, layout_basic,
          shapermc_ecumenical_altar_rom_forum
D:2:      layout_basic, minivault_11
D:3:      layout_loops_ring, serial_co_window_serial,
          co_window_of_opportunity_a, co_window_corner_a,
          co_window_of_opportunity_a, co_window_of_opportunity_a,
          co_window_corner_a, co_window_cross_3, co_window_broadway_c,
          co_window_corner_b, co_window_paths_c, glass_columns_a,
          kennysheep_generic_room_2, uniq_robin, uniq_grinder
D:4:      layout_loops_ring, uniq_crazy_yiuf_cottage, uniq_edmund
D:5:      layout_basic, nicolae_dithmenos_the_darkroom, kennysheep_flooded_box
D:6:      layout_rooms, minmay_temple_entry_antechambers, nzn_random_ring,
          uniq_prince_ribbit1

Skill      XL: |  1  2  3  4  5  6  7  8 |
---------------+-------------------------+-----
Long Blades    | 4 5 6 7 8 9 10 | 10.0
Fighting       | 7 8 |  8.0
Armour         | 4 |  4.7
Dodging        | |  3.2

Action                     |  1- 3 |  4- 6 |  7- 9 || total
---------------------------+-------+-------+-------++-------
  Melee: Falchion          |    73 |    95 |   118 ||   286
         Headbutt          |    13 |    25 |    24 ||    62
    Use: Potion            |       |     1 |     1 ||     2
         Scroll            |       |       |     2 ||     2
 Armour: Leather armour    |     8 |       |       ||     8
         Ring mail         |     9 |    17 |     5 ||    31
         Scale mail        |       |       |    36 ||    36
  Dodge: Dodged            |    40 |    39 |    62 ||   141

Table legend: (Time is in decaauts)
 A = Elapsed time spent in this place.
 B = Non-inter-level travel time spent in this place.
 C = Inter-level travel time spent in this place.
 D = Time resting spent in this place.
 E = Time spent auto-exploring this place.
 F = Levels seen in this place.
 G = Mean time per level.
                   A        B        C        D        E       F      G
               +--------+--------+--------+--------+--------+-----+--------+
         Total |   4194 |   4026 |    168 |    352 |   2686 |   6 |  699.0 |
       Dungeon |   4194 |   4026 |    168 |    352 |   2686 |   6 |  699.0 |
               +--------+--------+--------+--------+--------+-----+--------+

Top non-repeatable levels by time:
     D:3: 1264 daAuts
     D:4: 776 daAuts
     D:1: 768 daAuts
     D:2: 676 daAuts
     D:5: 635 daAuts
     D:6: 73 daAuts
